 Dungeon Crawl Stone Soup version 0.28.0-53-g5a82cb258f (webtiles) character file.

Game seed: 3674879619453310796

9 MiltankisOP the Ruffian (level 2, -1/23 HPs)
             Began as a Draconian Transmuter on June 13, 2022.
             Frozen to death by an endoplasm (3 damage)
             ... on level 2 of the Dungeon.
             The game lasted 00:01:00 (1058 turns).

MiltankisOP the Ruffian (Draconian Transmuter)      Turns: 1058, Time: 00:01:02

Health: -1/23      AC:  4    Str: 12    XL:     2   Next: 3%
Magic:  5/5        EV: 12    Int: 13    God:
Gold:   33         SH:  0    Dex: 11    Spells: 4/5 levels left

rFire   . . .      SeeInvis .     - Unarmed
rCold   . . .      Faith    .   (no shield)
rNeg    . . .      Spirit   .   (armour unavailable)
rPois   .          Reflect  .   (helmet restricted)
rElec   .          Harm     .   (no cloak)
rCorr   .          Rampage  .   (no gloves)
Will    .....                   (no boots)
Stlth   +.........              (no amulet)
HPRegen 0.07/turn               (no ring)
MPRegen 0.09/turn               (no ring)

@: lethally poisoned (-1 -> -2), slowed, very slow
A: AC +4, unfitting armour, cold-blooded
a: no special abilities


You were on level 2 of the Dungeon.
You visited 1 branch of the dungeon, and saw 2 of its levels.

You collected 33 gold pieces.

Inventory:

Scrolls
 b - a scroll of enchant weapon {unknown}
 c - a scroll of brand weapon {unknown}
Potions
 a - a potion of brilliance {unknown}


   Skills:
 - Level 1.2 Fighting
 - Level 1.9 Dodging
 - Level 3.0 Unarmed Combat
 - Level 2.0 Spellcasting
 + Level 2.4 Transmutations


You had 4 spell levels left.
You knew the following spells:

 Your Spells              Type           Power      Damage    Failure   Level
a - Beastly Appendage     Tmut           14%        N/A       10%         1

Your spell library contained the following spells:

 Spells                   Type           Power      Damage    Failure   Level
 Wereblood                Tmut           7%         N/A       14%         2
 Foxfire                  Conj/Fire      4%         2x1d4     26%         1
 Spider Form              Tmut/Pois      4%         N/A       43%         3
 Conjure Flame            Conj/Fire      1%         6-21      58%         3
 Inner Flame              Hex/Fire       1%         N/A       58%         3
 Ice Form                 Ice/Tmut       4%         N/A       83%         4
 Flame Wave               Conj/Fire      1%         2d4       94%         4


Dungeon Overview and Level Annotations

Branches:
Dungeon (2/15)

Altars:


Innate Abilities, Weirdness & Mutations

Your plain brown scales are hard. (AC +4)
You cannot fit into any form of body armour.
You are cold-blooded and may be slowed by cold attacks.


Message History

The adder closely misses you. The adder barely misses you.
You miss the adder.
The adder is moderately wounded.
The endoplasm hits you. The adder barely misses you.
You barely miss the adder.
The adder is moderately wounded.
The endoplasm hits you. The adder misses you.
You closely miss the adder.
The adder is moderately wounded.
The adder misses you. The endoplasm closely misses you.
The adder closely misses you.
You closely miss the adder.
Your tail-slap misses the adder.
The adder is moderately wounded.
The endoplasm freezes you.
You are frozen.
You feel yourself slow down. The adder bites you.
You are poisoned.
The adder poisons you!
You are too injured to fight recklessly!
You are too injured to fight recklessly!
You are too injured to fight recklessly!
You are too injured to fight recklessly!
You are too injured to fight recklessly!
You are too injured to fight recklessly!
You are too injured to fight recklessly!
You are too injured to fight recklessly!
You feel sick. The endoplasm freezes you.
You are frozen.
You feel as though you will be slow longer.
The adder barely misses you.
You feel sick. The adder closely misses you.
There is a stone staircase leading up here.
You feel sick. The endoplasm freezes you.
You are frozen.
* * * LOW HITPOINT WARNING * * *
The adder bites you but does no damage. The endoplasm freezes you.
You are frozen.
You die...

#.. ... .##
#.##..##..#
#.#........
#.......(..
#..........
#.#........
#.#...>....
#@SK.......
#.J.....(..
#.#........
#.##..##..#
#.# ### .#
#.# # #..
#..


You could see an adder, an endoplasm and a kobold.

Vanquished Creatures
  2 endoplasms (D:1)
  A hobgoblin (D:1)
  3 jackals (D:1)
  A goblin (D:1)
7 creatures vanquished.

Notes
Turn   | Place    | Note
-------+----------+-------------------------------------------
     0 | D:1      | MiltankisOP the Draconian Transmuter began the quest for
                  | the Orb.
     0 | D:1      | Reached XP level 1. HP: 16/16 MP: 3/3
   821 | D:1      | Reached XP level 2. HP: 14/23 MP: 5/5
  1058 | D:2      | Frozen to death by an endoplasm

Illustrated notes

Levels and vault maps discovered:
D:1:      nicolae_arrival_somewhat_less_tricky_arrival, layout_loops_cross
D:2:      layout_basic, kennysheep_decorative_pillar, st_stairs_5

Action                   || total
-------------------------++-------
Melee: Unarmed           ||    33
       Kick              ||     3
       Headbutt          ||     2
       Tailslap          ||     1
 Cast: Beastly Appendage ||     3
 Stab: Sleeping          ||     1
Armor: Skin              ||     7
Dodge: Dodged            ||    19
